 Dungeon Crawl Stone Soup version 0.31-a0-489-g282fc92437 (webtiles) character file.

Game seed: 12468820633455813121

44 Ethylacetat the Trooper (level 3, -1/20 HPs)
             Began as a Vine Stalker Monk on Aug 7, 2023.
             Slain by a hobgoblin (4 damage)
             ... led by Robin
             ... on level 2 of the Dungeon.
             The game lasted 00:02:12 (1387 turns).

Ethylacetat the Trooper (Vine Stalker Monk)         Turns: 1387, Time: 00:02:13

Health: -1/20      AC:  2    Str: 15    XL:     3   Next: 62%
Magic:  0/5        EV: 12    Int: 10    God:
Gold:   71         SH:  0    Dex: 16    Spells: 4/4 levels left

rFire   . . .        a - +0 hand axe
rCold   . . .        d - orb {light}
rNeg    . . .        b - +0 robe
rPois   .            (helmet currently unavailable)
rElec   .            (cloak currently unavailable)
rCorr   .            (gloves currently unavailable)
SInv    .            (boots currently unavailable)
Will    .....        (no amulet)
Stlth   +            (no ring)
HPRegen 0.23/turn    (no ring)
MPRegen 0.09/turn

%: guardian spirit
@: beast-form, glowing
A: beast (slay +0), fangs 2, magic shield, antimagic bite, no potion heal 2
a: Begin Untransformation


You were on level 2 of the Dungeon.
You were a hulking beast.
You visited 1 branch of the dungeon, and saw 2 of its levels.

You collected 71 gold pieces.

Inventory:

Hand Weapons
 a - a +0 hand axe (weapon)
Missiles
 g - 3 javelins
 h - 2 boomerangs
 l - 5 poisoned darts
Armour
 b - a +0 robe (worn)
 d - an orb of light (worn)
Talismans
 f - a beast talisman (active)
Scrolls
 e - a scroll of revelation {unknown}
 i - 2 scrolls of enchant weapon {unknown}
 j - a scroll of identify {unknown}
 k - a scroll of amnesia {unknown}
 n - a scroll of enchant armour {unknown}
Potions
 c - a potion of ambrosia
 m - a potion of lignification {unknown}


   Skills:
 + Level 3.1 Fighting
 - Level 2.7 Axes
 - Level 2.5 Dodging
 + Level 1.2 Spellcasting
 * Level 1.4 Shapeshifting


You had 4 spell levels left.
You didn't know any spells.
Your spell library was empty.

Dungeon Overview and Level Annotations

Branches:
Dungeon (2/15)

Altars:

Shops:
D:2 =

Annotations:
D:2 Robin


Innate Abilities, Weirdness & Mutations

You are a hulking beast.
Your limbs bulge with bestial killing power. (Slay +0)
You have extremely sharp teeth.
When hurt, damage is shared between your health and your magic reserves.
Your bite disrupts and absorbs the magic of your enemies.
Potions cannot restore your health.


Message History

You hit the hobgoblin. You hit the goblin. The hobgoblin hits you.
You hit the goblin.
You kill the goblin!
You hit the hobgoblin. You hit the goblin but do no damage.
Robin throws the goblin at you! The goblin hits you with a +0 dagger.
The hobgoblin barely misses you. The goblin hits you with a +0 dagger.
You are too injured to fight recklessly!
You are too injured to fight recklessly!
You are too injured to fight recklessly!
Unknown command.
You are too injured to fight recklessly!
You are too injured to fight recklessly!
You hit the hobgoblin but do no damage.
You bite the hobgoblin, but do no damage.
The hobgoblin is heavily wounded.
You barely miss the goblin. You completely miss the goblin.
The goblin hits you with a +0 dagger. The hobgoblin hits you.
Unknown command.
You hit the hobgoblin.
You kill the hobgoblin!
You hit the goblin.
You kill the goblin!
You barely miss the goblin. The goblin hits you with a +0 dagger.
* * * LOW HITPOINT WARNING * * *
Unknown command.
You hit the goblin. You bite the goblin.
You kill the goblin!
You hit the goblin. You hit the hobgoblin but do no damage. You hit Robin.
Robin hits you with a +0 club.
* * * LOW HITPOINT WARNING * * *
The goblin hits you but does no damage.
Unknown command.
Unknown command.
Unknown command.
You barely miss the goblin. You bite the goblin.
You kill the goblin!
You completely miss Robin. You hit the hobgoblin. Robin closely misses you.
The hobgoblin closely misses you. Robin barely misses you.
The hobgoblin hits you.
You die...

..# ..# #...# ..#
#...# ..# #...# ..#
##...# .^## ..
....# ##### ...###.
....###...# #...#
....... ......gg..#
#...# ....##.
....###h).# #...#
.#...#
......g)..#####...#
...#...
..#..####.........#
### ....### ...#
#####.....# ...
...... ## #.#...#
... ###.###
#.#...###... # .#
#.. ..#...#..... #
.. ..###.........
.. ........#.....


You could see Robin and 2 hobgoblins.

Vanquished Creatures
  3 worms (D:2)
  An endoplasm (D:1)
  A giant cockroach (D:1)
  10 goblins
  6 hobgoblins
  3 jackals (D:1)
  2 kobolds
  A quokka (D:1)
  2 ball pythons (D:2)
  2 frilled lizards
  3 rats
34 creatures vanquished.

Notes
Turn   | Place    | Note
-------+----------+-------------------------------------------
     0 | D:1      | Ethylacetat the Vine Stalker Monk began the quest for the
                  | Orb.
     0 | D:1      | Reached XP level 1. HP: 11/11 MP: 2/2
   123 | D:1      | Reached XP level 2. HP: 13/16 MP: 3/3
  1054 | D:2      | Reached skill level 3 in Fighting
  1093 | D:2      | Reached skill level 1 in Shapeshifting
  1100 | D:2      | Reached XP level 3. HP: 11/20 MP: 3/5
  1165 | D:2      | Reached skill level 1 in Spellcasting
  1288 | D:2      | Found Pusonnuu's Jewellery Shoppe.
  1362 | D:2      | Found a faded altar of an unknown god.
  1377 | D:2      | Noticed Robin
  1387 | D:2      | Slain by a hobgoblin

Illustrated notes

Levels and vault maps discovered:
D:1:      minmay_arrival_nine_rooms, layout_basic
D:2:      layout_rooms, serial_shops, shop, basic_ecumenical_altar,
          chequers_serial_rivers_micro_e, uniq_robin

Skill      XL: |  1  2  3 |
---------------+----------+-----
Fighting       | 3 |  3.1
Shapeshifting  | 1 |  1.4
Spellcasting   | 1 |  1.2
Axes           | |  2.7
Dodging        | |  2.5

Action                     || total
---------------------------++-------
  Melee: Hand axe          ||    66
         Bite              ||    25
 Armour: Robe              ||     7
  Dodge: Dodged            ||    46
   Form: Beast             ||     1

Table legend: (Time is in decaauts)
 A = Elapsed time spent in this place.
 B = Non-inter-level travel time spent in this place.
 C = Inter-level travel time spent in this place.
 D = Time resting spent in this place.
 E = Time spent auto-exploring this place.
 F = Levels seen in this place.
 G = Mean time per level.
                   A        B        C        D        E       F      G
               +--------+--------+--------+--------+--------+-----+--------+
         Total |   1397 |   1367 |     30 |      0 |   1186 |   2 |  698.5 |
       Dungeon |   1397 |   1367 |     30 |      0 |   1186 |   2 |  698.5 |
               +--------+--------+--------+--------+--------+-----+--------+

Top non-repeatable levels by time:
     D:1: 1021 daAuts
     D:2: 375 daAuts
